 Dungeon Crawl Stone Soup version 0.20-a0-1006-ge6c5631 (webtiles) character file.

149 Hybris the Skirmisher (level 5, -2/42 HPs)
             Began as a Human Fighter on Apr 13, 2017.
             Slain by an adder (3 damage)
             ... on level 2 of the Dungeon.
             The game lasted 00:02:48 (1096 turns).

Hybris the Skirmisher (Human Fighter)               Turns: 1096, Time: 00:02:49

Health: -2/42      AC:  6    Str: 18    XL:     5   Next: 57%
Magic:  5/5        EV:  7    Int:  8    God:
Gold:   79         SH:  9    Dex: 12    Spells: 4/4 levels left

rFire    . . .     SeeInvis .   l - +0 hand axe (vamp)
rCold    . . .     Gourm    .   c - +0 shield
rNeg     . . .     Faith    .   b - +0 scale mail
rPois    .         Spirit   .   (no helmet)
rElec    .         Reflect  .   (no cloak)
rCorr    .         Harm     .   (no gloves)
MR       .....                  (no boots)
Stlth    ..........             (no amulet)
Regen    0.2/turn               (no ring)
MPRegen  0.1/turn               (no ring)

@: lethally poisoned (-2 -> -4)
A: no striking features
a: no special abilities


You were on level 2 of the Dungeon.
You were not hungry.

You visited 1 branch of the dungeon, and saw 2 of its levels.

You collected 79 gold pieces.

Inventory:

Hand Weapons
 l - a +0 vampiric hand axe (weapon)
Armour
 b - a +0 scale mail (worn)
 c - a +0 shield (worn)
 j - a +0 helmet
Wands
 k - a wand of digging (8/24)
Scrolls
 e - 2 scrolls of random uselessness {unknown}
 g - 2 scrolls of identify {unknown}
 h - 2 scrolls of remove curse {unknown}
Potions
 a - a potion of magic {unknown}
 d - 2 potions of might
Comestibles
 f - a bread ration
 i - 13 chunks of flesh


   Skills:
 + Level 4.2 Fighting
   Level 3.7 Long Blades
 * Level 1.9 Axes
 - Level 3.0 Armour
 - Level 3.0 Shields


You had 4 spell levels left.
You didn't know any spells.

Dungeon Overview and Level Annotations

Branches:
Dungeon (1/15)

Altars:
Ru


Message History

The adder is moderately wounded.
You feel sick. You block the adder's attack. The adder barely misses you.
You hit the adder.
You feel better.
The adder is heavily wounded.
You block the adder's attack.
You hit the adder.
You kill the adder!
You feel sick. The adder bites you but does no damage.
You closely miss the adder. The adder bites you but does no damage.
The adder closely misses you.
You closely miss the adder.
You feel sick. The adder bites you but does no damage.
Your shield and scale mail prevent you from hitting the adder.
The adder bites you.
* * * LOW HITPOINT WARNING * * *
The adder bites you but does no damage.
Your shield and scale mail prevent you from hitting the adder.
* * * LOW HITPOINT WARNING * * *
You feel sick. The adder bites you.
You die...

###S####........ #........
#.......####### ######†)..
#.#####.# #≈≈≈#..).# # #.#
#.####.# #≈_≈##...# .. #.#
#......# #...#..#.. ...#.##.#
#^###### #.≈.#..##.
........#####.# #...##.###
###.###.......#########.≈.##.#
####.#..S@......#...##.###
......####.#####.≈.#.....
###.### #.# ##...#..### #.#
#.####≈.≈.≈..# #.#
#......≈.≈...# # #.#
#..#####.###.### ##.# #..# #.#
#.##. #.. #..# #.# #.##. ..
#.# #..# #.# #.##.


You could see an adder.

Vanquished Creatures
  Jessica (D:2)
  Terence (D:2)
  Natasha (D:2)
  Robin (D:2)
  2 adders (D:2)
  A worm (D:2)
  3 dart slugs
  4 leopard geckos (D:1)
  A giant cockroach (D:1)
  10 goblins
  2 hobgoblins (D:2)
  4 bats
  A frilled lizard (D:1)
  3 kobolds
  A rat (D:2)
36 creatures vanquished.

Notes
Turn   | Place    | Note
-------+----------+-------------------------------------------
     0 | D:1      | Hybris the Human Fighter began the quest for the Orb.
     0 | D:1      | Reached XP level 1. HP: 18/18 MP: 1/1
   102 | D:1      | Reached XP level 2. HP: 12/24 MP: 2/2
   408 | D:1      | Reached XP level 3. HP: 25/29 MP: 3/3
   422 | D:1      | You fall through a shaft!
   433 | D:2      | Found a sacrificial altar of Ru.
   447 | D:2      | Noticed Jessica
   460 | D:2      | Killed Jessica
   460 | D:2      | Reached XP level 4. HP: 28/36 MP: 4/4
   599 | D:2      | Noticed Terence
   615 | D:2      | Killed Terence
   925 | D:2      | Noticed Natasha
   936 | D:2      | Killed Natasha
   936 | D:2      | Reached skill level 4 in Fighting
   936 | D:2      | Reached skill level 1 in Axes
   936 | D:2      | Reached XP level 5. HP: 31/42 MP: 5/5
   942 | D:2      | Noticed Robin
   970 | D:2      | Killed Robin
  1002 | D:2      | HP: 2/42 [poisoned by Robin]
  1095 | D:2      | HP: 2/42 [adder (4)]
  1096 | D:2      | Slain by an adder

Vault maps used:
D:1:      lightli_iron_boxes, st_stairs_3
D:2:      nicolae_overflow_crystal_walls, nicolae_ru_path_of_blood,
          minmay_misc_feat_iff, st_stairs_5, nicolae_qazlal_eye_of_the_storm,
          uniq_natasha, uniq_terence, uniq_jessica, uniq_robin

Skill      XL: |  1  2  3  4 |
---------------+-------------+-----
Long Blades    | 3 |  3.7
Fighting       | 4 |  4.2
Axes           | 1 |  1.9
Armour         | |  3.0
Shields        | |  3.0

Action                   |  1- 3 |  4- 6 || total
-------------------------+-------+-------++-------
Melee: Long sword        |    66 |    15 ||    81
       Hand axe          |       |    85 ||    85
  Use: Potion            |       |     1 ||     1
  Eat: Bread ration      |       |     1 ||     1
       Chunk             |       |     1 ||     1
Armor: Scale mail        |    34 |    34 ||    68
Dodge: Dodged            |    33 |    31 ||    64
Block: Shield            |    46 |    44 ||    90
       Rpst.: Long sword |     9 |     1 ||    10
